 Dungeon Crawl Stone Soup version 0.31.0-11-ge490571c62 (webtiles) character file.

Game seed: 12485223936320974864

16193 Bobbunny the Warrior (level 12, -15/122 HPs)
             Began as a Minotaur Gladiator on Jan 29, 2024.
             Was a High Priest of Elyvilon.
             Demolished by a komodo dragon (25 damage)
             ... on level 2 of the Lair of Beasts.
             The game lasted 00:12:39 (8956 turns).

Bobbunny the Warrior (Minotaur Gladiator)           Turns: 8956, Time: 00:12:40

Health: -15/122    AC:  9    Str: 27    XL:     12   Next: 7%
Magic:  10/14      EV: 13    Int:  7    God:    Elyvilon [*****.]
Gold:   197        SH:  0    Dex: 19    Spells: 11/11 levels left

rFire   . . .        M - +1 battleaxe (venom)
rCold   . . .        (shield currently unavailable)
rNeg    . . .        O - +0 acid dragon scales
rPois   .            c - +0 hat
rElec   .            y - +0 cloak
rCorr   +            (no gloves)
SInv    .            S - +0 pair of boots
Will    .....        k - amulet of regeneration
Stlth   +            o - +6 ring of strength
HPRegen 1.20/turn    C - +6 ring of dexterity
MPRegen 0.14/turn

%: no passive effects
@: no status effects
A: horns 2, retaliatory headbutt
a: Renounce Religion, Purification, Heal Other, Heal Self, Divine Vigour


You were on level 2 of the Lair of Beasts.
You worshipped Elyvilon.
Elyvilon was extremely pleased with you.
You visited 2 branches of the dungeon, and saw 12 of its levels.
You also visited: Sewer.

You collected 596 gold pieces.
You spent 399 gold pieces at shops.

Inventory:

Hand Weapons
 a - a +0 war axe
 D - the +8 whip "Snakebite" {venom, curare, rPois}
   (You found it on level 1 of the Lair of Beasts)

   rPois:     It protects you from poison
 M - a +1 battleaxe of venom (weapon)
Missiles
 d - 4 throwing nets
 e - a javelin (quivered)
 f - 29 poisoned darts
 A - 7 boomerangs
Armour
 c - a +0 hat (worn)
 y - a +0 cloak (worn)
 O - +0 acid dragon scales (worn)
 S - a +0 pair of boots (worn)
Jewellery
 k - an amulet of regeneration (around neck)
 o - a +6 ring of strength (left hand)
 u - an amulet of reflection
 C - a +6 ring of dexterity (right hand)
 R - a ring of resist corrosion
 T - a ring of fire
 U - a ring of see invisible
Wands
 m - a wand of iceblast (11)
 r - a wand of acid (29)
 x - a wand of polymorph (24)
 E - a wand of flame (57)
 Q - a wand of digging (5)
 W - a wand of paralysis (4)
Scrolls
 g - a scroll of enchant armour
 j - 4 scrolls of teleportation
 p - 2 scrolls of noise
 q - 4 scrolls of vulnerability {unknown}
 s - 5 scrolls of blinking
 t - 3 scrolls of poison
 v - a scroll of brand weapon
 G - 3 scrolls of fear
 K - 4 scrolls of enchant weapon {unknown}
 L - a scroll of fog
 N - a scroll of amnesia
 P - a scroll of revelation
 V - a scroll of identify
Potions
 b - 2 potions of heal wounds
 h - 3 potions of haste
 i - 4 potions of curing
 l - a potion of attraction {unknown}
 n - 3 potions of mutation
 w - 3 potions of lignification
 z - a potion of magic {unknown}
 B - 4 potions of brilliance
 F - a potion of enlightenment {unknown}
 H - 3 potions of might
 I - 3 potions of resistance {unknown}
 J - 2 potions of invisibility {unknown}


   Skills:
 + Level 15.7 Fighting
 + Level 14.9 Axes
 - Level 6.0 Throwing
 - Level 3.0 Armour
 - Level 3.2 Dodging
 + Level 5.3 Invocations


You had 11 spell levels left.
You didn't know any spells.
Your spell library contained the following spells:

 Spells                   Type           Power      Damage    Failure   Level
 Apportation              Tloc           0%         N/A       50%         1
 Necrotise                Necr           0%         1d4       50%         1
 Sting                    Conj/Alch      0%         1d3       50%         1
 Summon Small Mammal      Summ           0%         N/A       50%         1
 Brom's Barrelling Bould  Conj/Erth      0%         2d3       99%         4
 Ignite Poison            Fire/Alch      0%         N/A       99%         4
 Sticky Flame             Fire/Alch      0%         2d4       99%         4
 Fireball                 Conj/Fire      0%         3d3       100%        5
 Iskenderun's Battlesphe  Conj           0%         2d6       100%        5
 Conjure Ball Lightning   Conj/Air       0%         3x3d6     100%        6
 Orb of Destruction       Conj           0%         9d5       100%        7
 Ignition                 Fire           0%         3d3       100%        8


Dungeon Overview and Level Annotations

Branches:
Dungeon (10/15)            Temple (0/1) D:7            Lair (2/5) D:9
  Sewer (visited)
  Swamp: Lair:2-3    Shoals: Lair:2-3     Snake: Lair:2-3    Spider: Lair:2-3
    Orc: D:9-12

Altars:
Ashenzari
Elyvilon
Fedhas
Gozag
Hepliaklqana
Makhleb
Nemelex Xobeh
Qazlal
Ru
Trog
Uskayaw
Vehumet
Xom
Yredelemnul
Zin

Shops:
D:3 [   D:4 *=!(   D:9 ***   D:10 (=??(

Annotations:
D:10 2 transporters, peterlawrence's ghost, journeyman MiFi


Innate Abilities, Weirdness & Mutations

You have a pair of horns on your head.
You reflexively headbutt those who attack you in melee.


Message History

The boulder beetle turns neutral.
The wolf barely misses you. You furiously retaliate!
You headbutt the wolf!
You kill the wolf!
The wolf misses you.
The wolf bites you. x2; The boulder beetle bites you.
The wolf misses you. The wolf barely misses you.
The wolf bites you but does no damage.
Unknown command.
You chop the wolf into pieces!!!
You kill the wolf!
You slash the komodo dragon!
The komodo dragon is poisoned.
You hit the wolf but do no damage.
The wolf is poisoned.
You hit the wolf.
The wolf is poisoned.
The wolf bites you! The boulder beetle closely misses you.
The wolf closely misses you. The komodo dragon bites you!!
You hit the komodo dragon but do no damage.
The komodo dragon looks as sick as possible!
The komodo dragon is moderately wounded.
You slice the wolf!!
The wolf looks as sick as possible!
You slash the wolf!
The wolf looks as sick as possible!
The wolf barely misses you. The wolf bites you. The boulder beetle bites you!!
* * * LOW HITPOINT WARNING * * *
The wolf closely misses you. The komodo dragon bites you!!
Elyvilon protects you from harm! The wolf misses you. You furiously retaliate!
You headbutt the wolf!
You kill the wolf!
Training target 6.0 for Throwing reached!
Your Throwing skill increases to level 6!
You feel much better. The wolf bites you!
* * * LOW HITPOINT WARNING * * *
The boulder beetle bites you but does no damage.
The komodo dragon bites you!!
* * * LOW HITPOINT WARNING * * *
The wolf bites you but does no damage.
The boulder beetle refuses to make way for you. (Use ctrl+direction or * direction to attack.)
You feel much better. The wolf bites you.
* * * LOW HITPOINT WARNING * * *
The boulder beetle bites you!
* * * LOW HITPOINT WARNING * * *
The komodo dragon bites you!!
You die...

........# #
#.......
.##......# .
........# .. .
#......##...
...#...........
#.....h..#..?
#...B@......♣
#.#..††l.P##♣♣
....>.....#♣
.....)......
............♣
............♣
.##.##.....♣♣
.. #.((.♣.


You could see a komodo dragon (extremely poisoned), a wolf (extremely poisoned)
and a neutral boulder beetle (wandering).

Vanquished Creatures
  A two-headed ogre (D:10)
  Pikel (D:7)
  A black mamba (Lair:1)
  4 cane toads (Lair:1)
  Maggie (D:8)
  3 komodo dragons (Lair:1)
  A troll (D:10)
  A polar bear (Lair:1)
  Grinder (D:6)
  2 hornets
  8 blink frogs (Lair:1)
  Sigmund (D:3)
  9 yaks
  A wraith (D:9)
  A steam dragon (D:9)
  3 vampire mosquitoes (D:10)
  4 acid dragons
  13 water moccasins
  5 black bears
  3 orc warriors
  A crocodile (Sewer)
  3 sky beasts
  An ice beast (D:6)
  2 ogres
  5 wolves (Lair:2)
  2 centaurs
  6 bullfrogs
  A weeping skull (D:10)
  3 kobold brigands
  2 gnoll sergeants
  5 scorpions
  8 wights
  17 killer bees
  2 howler monkeys
  2 hounds
  2 bombardier beetles
  A gnoll bouda (D:6)
  4 orc priests
  Terence (D:2)
  3 sleepcaps
  Crazy Yiuf (D:3)
  3 iguanas
  4 orc wizards
  13 gnolls
  26 adders
  6 river rats
  A shadow imp (D:7)
  2 white imps
  2 ufetubi (D:6)
  A dart slug (D:4)
  7 ribbon worms
  25 orcs
  12 ball pythons
  11 endoplasms
  2 giant cockroaches (D:1)
  7 goblins
  7 hobgoblins
  A jackal (D:4)
  6 quokkas
  6 bats
  A frilled lizard (D:2)
  20 kobolds
  6 rats
  A spectral orc (D:10)
306 creatures vanquished.

Vanquished Creatures (others)
  A yak (D:9)
1 creature vanquished.

Grand Total: 307 creatures vanquished

Notes
Turn   | Place    | Note
-------+----------+-------------------------------------------
     0 | D:1      | Bobbunny the Minotaur Gladiator began the quest for the
                  | Orb.
     0 | D:1      | Reached XP level 1. HP: 18/18 MP: 0/0
   209 | D:1      | Reached skill level 3 in Fighting
   209 | D:1      | Reached XP level 2. HP: 26/26 MP: 1/1
   932 | D:2      | Reached XP level 3. HP: 31/31 MP: 2/2
  1003 | D:2      | Noticed Terence
  1010 | D:2      | Killed Terence
  1011 | D:2      | Reached skill level 4 in Fighting
  1011 | D:2      | Reached skill level 5 in Axes
  1011 | D:2      | Reached XP level 4. HP: 39/40 MP: 3/3
  1655 | D:3      | Noticed Sigmund
  1678 | D:3      | Killed Sigmund
  1679 | D:3      | Reached skill level 5 in Fighting
  1679 | D:3      | Reached XP level 5. HP: 30/50 MP: 4/4
  1679 | D:3      | Reached XP level 6. HP: 34/57 MP: 5/5
  1744 | D:3      | Found a runed translucent door.
  1745 | D:3      | Noticed Crazy Yiuf
  1782 | D:3      | You fall into a shaft and drop 1 floor!
  1782 | D:4      | Found Kibbanaf's Jewellery Boutique.
  1894 | D:3      | Found a white marble altar of Elyvilon.
  1916 | D:3      | Became a worshipper of Elyvilon the Healer
  2134 | D:3      | Found a blossoming altar of Fedhas.
  2198 | D:3      | Found Eroityli's Antique Armour Shop.
  2385 | D:3      | Killed Crazy Yiuf
  2386 | D:3      | Reached skill level 6 in Fighting
  2437 | D:4      | Found Dipol's General Store.
  2454 | D:4      | Bought a scroll of identify for 26 gold pieces
  2454 | D:4      | Bought a scroll of teleportation for 39 gold pieces
  2454 | D:4      | Bought a scroll of identify for 26 gold pieces
  2483 | D:4      | Reached * piety under Elyvilon
  2632 | D:4      | Found Ysuu's Distillery.
  2671 | D:4      | Bought a potion of degeneration for 13 gold pieces
  2886 | D:4      | Found Moloukoz's Weapon Shop.
  2968 | D:4      | Reached XP level 7. HP: 64/64 MP: 6/6
  3203 | D:5      | Entered Level 5 of the Dungeon
  3244 | D:5      | Reached ** piety under Elyvilon
  3251 | D:5      | Reached skill level 7 in Fighting
  3322 | D:5      | Found a radiant altar of Vehumet.
  3398 | D:5      | Found a stormy altar of Qazlal.
  3726 | D:5      | Found a glowing drain.
  3734 | Sewer    | Entered a sewer
  3952 | Sewer    | Reached skill level 8 in Fighting
  3964 | Sewer    | Reached XP level 8. HP: 26/75 MP: 7/7
  4157 | D:6      | Noticed Grinder
  4164 | D:6      | Killed Grinder
  4165 | D:6      | Reached skill level 9 in Fighting
  4170 | D:6      | Found a shimmering altar of Xom.
  4276 | D:6      | Reached skill level 10 in Axes
  4523 | D:6      | Reached skill level 10 in Fighting
  4556 | D:6      | Reached *** piety under Elyvilon
  4694 | D:6      | Reached XP level 9. HP: 71/85 MP: 8/8
  4745 | D:6      | Found a burning altar of Makhleb.
  4949 | D:7      | Noticed Pikel
  4955 | D:7      | Killed Pikel
  4968 | D:7      | Reached skill level 11 in Fighting
  5038 | D:7      | Found a staircase to the Ecumenical Temple.
  5073 | D:7      | Paralysed by a hornet for 3 turns
  5285 | D:7      | Found a bloodstained altar of Trog.
  5292 | D:7      | Reached skill level 12 in Fighting
  5308 | D:7      | Found a sacrificial altar of Ru.
  5525 | D:8      | Found a glowing silver altar of Zin.
  5564 | D:8      | Noticed Maggie
  5572 | D:8      | Reached XP level 10. HP: 80/100 MP: 9/9
  5584 | D:8      | Killed Maggie
  5585 | D:8      | Reached skill level 13 in Fighting
  5585 | D:8      | Reached skill level 1 in Invocations
  5809 | D:8      | Reached **** piety under Elyvilon
  6172 | D:9      | Found a broken altar of Ashenzari.
  6207 | D:9      | Found Xuyrphel's Specific Store.
  6216 | D:9      | Found Teorosi's General Store.
  6220 | D:9      | Bought a scroll of blinking for 82 gold pieces
  6220 | D:9      | Bought 2 potions of curing for 66 gold pieces
  6232 | D:9      | Found Syromnad's Assorted Antiques.
  6249 | D:9      | Bought a yellow potion for 24 gold pieces
  6249 | D:9      | Bought a scroll labelled ELEPEU LUURUOR for 27 gold pieces
  6290 | D:9      | Found a sparkling altar of Nemelex Xobeh.
  6333 | D:9      | Found a hide-covered altar of Uskayaw.
  6430 | D:9      | Reached skill level 14 in Fighting
  6432 | D:9      | Found a staircase to the Lair.
  6851 | D:9      | Found a hazy altar of Hepliaklqana.
  6907 | D:10     | Entered Level 10 of the Dungeon
  6907 | D:10     | Noticed a two-headed ogre
  6910 | D:10     | Killed a two-headed ogre
  6911 | D:10     | Reached skill level 5 in Invocations
  6911 | D:10     | Reached XP level 11. HP: 111/111 MP: 13/13
  6930 | D:10     | Reached skill level 1 in Armour
  6933 | D:10     | Reached ***** piety under Elyvilon
  6935 | D:10     | Found an opulent altar of Gozag.
  6955 | D:10     | Noticed peterlawrence's ghost (journeyman MiFi)
  6956 | D:10     | Found Ippycaf's Antique Weapon Shop.
  6959 | D:10     | Found Ser Fasch's Magic Scroll Shop.
  7000 | D:10     | Found Inount's Magic Scroll Shoppe.
  7004 | D:10     | Found Mihe's Jewellery Boutique.
  7006 | D:10     | Bought a scroll of fear for 48 gold pieces
  7006 | D:10     | Bought a scroll of poison for 48 gold pieces
  7140 | D:10     | Found a transporter.
  7248 | D:10     | Found a transporter.
  7262 | D:10     | Found a basalt altar of Yredelemnul.
  7376 | D:10     | Found Sycoriawk's Weapon Shop.
  7684 | Lair:1   | Entered Level 1 of the Lair of Beasts
  8014 | Lair:1   | Reached skill level 15 in Fighting
  8167 | Lair:1   | Reached skill level 5 in Throwing
  8308 | Lair:1   | Found the +8 whip "Snakebite" {venom, curare, rPois}
  8945 | Lair:2   | Noticed a boulder beetle
  8950 | Lair:2   | Reached XP level 12. HP: 113/121 MP: 14/14
  8952 | Lair:2   | Pacified a boulder beetle
  8954 | Lair:2   | Elyvilon protects you from harm!
  8956 | Lair:2   | Demolished by a komodo dragon

Illustrated notes

Levels and vault maps discovered:
D:1:      tarquinn_simple_flora_water_c, layout_basic
D:2:      layout_loops_ring, uniq_terence
D:3:      layout_loops_ring, mainiacjoe_overflow_alcove_1, old_standard_altar,
          serial_shops, nicolae_shop_real_fake_doors, grunt_decor_clamped,
          chequers_serial_rivers_room_b, uniq_sigmund, uniq_crazy_yiuf_cottage
D:4:      minmay_opposing_rooms, layout_basic, serial_shops, shop,
          nicolae_shop_temple_entry_statues_fountains, shop,
          nicolae_diamond_shop, minmay_puff
D:5:      layout_basic, overflow_temple_1_default, vehumet_altar_wand_db,
          lightli_sewer_entry_pipes
D:6:      layout_loops_cross, mainiacjoe_overflow_catwalk,
          nicolae_overflow_crystal_walls, nicolae_half_adder, uniq_grinder
D:7:      layout_basic, trog_ov_bears_minmay, mainiacjoe_overflow_24_doors,
          minmay_temple_entry_enclosed_plants, chequers_mini_garden, uniq_pikel
D:8:      layout_rooms, general_overflow_altar, uniq_maggie
D:9:      layout_small_grid, lemuel_coloured_pillars_altar,
          amcnicky_altar_gilded, nicolae_uskayaw_dance_hall,
          kennysheep_mini_moat, lair_entry_dummy, serial_shops, shop,
          grunt_ministairs_1, nicolae_specific_store
D:10:     layout_loops_cross, lemuel_doored_altar,
          yredelemnul_forgotten_temple_becter, serial_shops, shop, shop,
          nicolae_stop_n_shop_1, shop, shop, gammafunk_ghost_stat_death
Lair:1:   minmay_guarded_unrand_snakebite, layout_cave_pods, grunt_megastairs_5,
          infiniplex_staircase_pool
Lair:2:   layout_regular_city, palyth_hydra_swamp_entry,
          nicolae_volcano_entry_vermiform, wad_woods_01

Skill      XL: |  1  2  3  4  5  6  7  8  9 10 11 12 |
---------------+-------------------------------------+-----
Axes           | 4 5 6 7 8 10 12 13 14 | 14.9
Fighting       | 3 4 5 6 8 10 12 14 15 | 15.7
Invocations    | 5 |  5.3
Armour         | 3 |  3.0
Throwing       | 5 6 |  6.0
Dodging        | |  3.2

Action                     |  1- 3 |  4- 6 |  7- 9 | 10-12 || total
---------------------------+-------+-------+-------+-------++-------
  Melee: War axe           |    62 |    91 |   195 |       ||   348
         Headbutt          |     4 |    11 |    40 |    56 ||   111
         Unarmed           |       |     4 |       |       ||     4
         Punch             |       |       |     1 |       ||     1
         Battleaxe         |       |       |    40 |   263 ||   303
  Throw: Throwing net      |       |     4 |     2 |       ||     6
         Javelin           |       |       |     2 |     2 ||     4
 Invoke: Heal Other        |       |       |       |     4 ||     4
  Evoke: Wand              |       |       |     4 |     5 ||     9
    Use: Scroll            |       |     5 |       |     8 ||    13
         Potion            |       |       |       |     3 ||     3
   Stab: Held in net/web   |       |     1 |       |       ||     1
 Armour: Leather armour    |    13 |       |       |       ||    13
         Ring mail         |    15 |    60 |     5 |       ||    80
         Chain mail        |       |       |   148 |     9 ||   157
         Acid dragon scale |       |       |       |   226 ||   226
  Dodge: Dodged            |    47 |    76 |   110 |   215 ||   448
